 Dungeon Crawl Stone Soup version 0.29.1-15-g9cfb28693d (webtiles) character file.

Game seed: 4699375341641260509

42 PhantomBowie the Shield-Bearer (level 3, -4/33 HPs)
             Began as a Minotaur Fighter on Mar 13, 2023.
             Killed from afar by Terence (8 damage)
             ... with a puff of flame
             ... on level 2 of the Dungeon.
             The game lasted 00:05:32 (1301 turns).

PhantomBowie the Shield-Bearer (Minotaur Fighter)   Turns: 1301, Time: 00:05:33

Health: -4/33      AC: 10    Str: 22    XL:     3   Next: 33%
Magic:  2/2        EV:  9    Int:  5    God:
Gold:   113        SH:  4    Dex:  9    Spells: 2/2 levels left

rFire   . . .      SeeInvis .   a - +0 flail
rCold   . . .      Faith    .   c - +0 buckler
rNeg    . . .      Spirit   .   b - +0 scale mail
rPois   .          Reflect  .   (helmet restricted)
rElec   .          Harm     .   (no cloak)
rCorr   .          Rampage  .   m - +2 pair of gloves
Will    .....                   (no boots)
Stlth   ..........              (no amulet)
HPRegen 0.11/turn               (no ring)
MPRegen 0.08/turn               (no ring)

@: no status effects
A: horns 2, retaliatory headbutt
a: no special abilities


You were on level 2 of the Dungeon.
You visited 1 branch of the dungeon, and saw 2 of its levels.

You collected 113 gold pieces.

Inventory:

Hand Weapons
 a - a +0 flail (weapon)
Armour
 b - a +0 scale mail (worn)
 c - a +0 buckler (worn)
 m - a +2 pair of gloves (worn)
Jewellery
 j - a ring of ice
Scrolls
 f - 3 scrolls of poison {unknown}
 g - 3 scrolls of fog {unknown}
 i - a scroll of enchant weapon {unknown}
 k - a scroll of fear {unknown}
 n - a scroll of enchant armour {unknown}
Potions
 d - a potion of might
 e - a potion of lignification {unknown}
 h - a potion of heal wounds {unknown}
 l - a potion of haste {unknown}


   Skills:
 + Level 4.1 Fighting
 + Level 3.1 Maces & Flails
 + Level 4.1 Armour
 + Level 4.1 Shields


You had 2 spell levels left.
You didn't know any spells.
Your spell library contained the following spells:

 Spells                   Type           Power      Damage    Failure   Level
 Dazzling Flash           Conj/Hex       0%         N/A       99%         3
 Gell's Gravitas          Tloc           0%         N/A       99%         3
 Lesser Beckoning         Tloc           0%         N/A       99%         3
 Teleport Other           Tloc           0%         N/A       99%         3
 Agony                    Necr           0%         N/A       100%        5
 Silence                  Hex/Air        0%         N/A       100%        5


Dungeon Overview and Level Annotations

Branches:
Dungeon (2/15)

Altars:

Annotations:
D:2 1 runed translucent door, Crazy Yiuf, Terence


Innate Abilities, Weirdness & Mutations

You have a pair of horns on your head.
You reflexively headbutt those who attack you in melee.


Message History

Terence shouts, "DIE!!!"
Terence zaps a wand.
The puff of flame hits you but does no damage.
Terence zaps a wand.
The puff of flame hits you. You block Terence's attack.
You see here 5 stones.
Terence hits you but does no damage.
You closely miss Terence. Terence hits you with a +0 trident!
Terence hits you but does no damage.
You closely miss Terence. Your headbutt misses Terence.
Terence hits you with a +0 trident.
You completely miss Terence. Terence hits you with a +0 trident!
You hit Terence.
Terence is moderately wounded.
Terence shouts, "DIE!!!"
Terence hits you but does no damage.
You barely miss Terence.
Terence is moderately wounded.
Terence hits you with a +0 trident. x2
* * * LOW HITPOINT WARNING * * *
You closely miss Terence.
Terence is moderately wounded.
Terence hits you with a +0 trident.
* * * LOW HITPOINT WARNING * * *
You hit Terence. Your headbutt misses Terence.
Terence is heavily wounded.
Terence closely misses you.
You closely miss Terence.
Terence is heavily wounded.
You block Terence's attack.
You hit Terence. You headbutt Terence, but do no damage.
Terence is severely wounded.
Terence zaps a wand.
The puff of flame hits you.
* * * LOW HITPOINT WARNING * * *
Terence completely misses you. You furiously retaliate!
You headbutt Terence, but do no damage. You barely miss Terence.
Terence is severely wounded.
Terence zaps a wand.
The puff of flame hits you!
You die...

#. #. #.
#.########
#.#.....(#
#.#.####@#
#.#.####@#
#.....##.#
.#
###.#.##.#
..#
##.#.##.#
..#
#.......#
..#
#.##.#.##
#.#
#.##.#..
####.#
#....#.##


You could see Terence.

Vanquished Creatures
  An adder (D:2)
  A dart slug (D:2)
  6 ball pythons
  2 bats
  An endoplasm (D:2)
  A giant cockroach (D:1)
  4 hobgoblins
  4 kobolds
  3 quokkas
  A frilled lizard (D:2)
  A goblin (D:1)
  3 rats (D:2)
28 creatures vanquished.

Notes
Turn   | Place    | Note
-------+----------+-------------------------------------------
     0 | D:1      | PhantomBowie the Minotaur Fighter began the quest for the
                  | Orb.
     0 | D:1      | Reached XP level 1. HP: 19/19 MP: 0/0
   317 | D:1      | Reached XP level 2. HP: 27/27 MP: 1/1
   923 | D:2      | Reached XP level 3. HP: 28/33 MP: 2/2
  1022 | D:2      | Found a runed translucent door.
  1023 | D:2      | Noticed Crazy Yiuf
  1280 | D:2      | Noticed Terence
  1301 | D:2      | Killed from afar by Terence

Illustrated notes

Levels and vault maps discovered:
D:1:      minmay_arrival_five_plusses, layout_loops_cross,
          hangedman_decor_lopped, minivault_19, minmay_misc_feat_square,
          chequers_jeans
D:2:      layout_loops_cross, minmay_misc_feat_room, dk_vineyard_2,
          minmay_randomly_rotated_circles, uniq_terence, uniq_crazy_yiuf_cottage

Skill      XL: |  1  2 |
---------------+-------+-----
Fighting       | 4 |  4.1
Shields        | 4 |  4.1
Armour         | 4 |  4.1
Maces & Flails | 3 |  3.1

Action                   || total
-------------------------++-------
Melee: Flail             ||    77
       Headbutt          ||     5
Armor: Scale mail        ||    28
Dodge: Dodged            ||    33
Block: Buckler           ||    14
